 Dungeon Crawl Stone Soup version 0.19-a0-1831-gd4c818f (webtiles) character file.

69 Bekkur the Chiller (level 4, -5/30 HPs)
             Began as a Demonspawn Ice Elementalist on Oct 8, 2016.
             Slain by a gnoll
             ... wielding a +2 halberd of freezing
              (8 damage)
             ... on level 2 of the Dungeon.
             The game lasted 00:06:49 (1330 turns).

Bekkur the Chiller (Demonspawn Ice Elementalist)    Turns: 1330, Time: 00:06:51

Health: -5/30      AC:  2    Str:  8    XL:     4   Next: 2%
Magic:  5/7        EV: 12    Int: 17    God:
Gold:   81         SH:  0    Dex: 14    Spells: 1 memorised, 6 levels left

rFire  . . .     SeeInvis .     j - +0 spear
rCold  . . .     Gourm    .     a - +0 robe
rNeg   . . .     Faith    .     (no shield)
rPois  .         Spirit   .     (no helmet)
rElec  .         Dismiss  .     (no cloak)
rCorr  .         Reflect  .     (no gloves)
MR     .....     Harm     .     (no boots)
Stlth  ++........               (no amulet)
                                (no ring)
                                (no ring)

@: no status effects
A: powered by death 1
a: no special abilities


You were on level 2 of the Dungeon.
You were not hungry.

You visited 1 branch of the dungeon, and saw 2 of its levels.

You collected 81 gold pieces.

Inventory:

Hand Weapons
 j - a +0 spear (weapon)
Armour
 a - a +0 robe (worn)
Scrolls
 e - a scroll of immolation {unknown}
 f - 2 scrolls of identify {unknown}
 g - 2 scrolls of noise {unknown}
 i - a scroll of random uselessness {unknown}
 m - a scroll of teleportation {unknown}
Potions
 d - a potion of invisibility
Books
 b - a book of Frost

   Spells                             Type                      Level
   a - Freeze                         Ice                          1
   b - Throw Frost                    Conjuration/Ice              2
   c - Ozocubu's Armour               Charms/Ice                   3
   d - Throw Icicle                   Conjuration/Ice              4
   e - Summon Ice Beast               Ice/Summoning                4
Comestibles
 c - 2 bread rations
 l - 2 meat rations


   Skills:
 - Level 1.7 Dodging
 - Level 1.7 Stealth
 - Level 2.0 Spellcasting
   Level 1.0 Conjurations
 + Level 4.4 Ice Magic


You had 6 spell levels left.
You knew the following spells:

 Your Spells              Type           Power        Failure   Level  Hunger
a - Freeze                Ice            ###.         3%          1    #......


Dungeon Overview and Level Annotations

Branches:
Dungeon (2/15)

Altars:
Xom


Innate Abilities, Weirdness & Mutations

You regenerate a little health from kills.


Message History

Casting: Freeze
Confirm with . or Enter, or press ? or * to list all spells.
Aiming: Freeze
Press: ? - help, Shift-Dir - straight line, f - gnoll
Aim: a gnoll, wielding a halberd of freezing You freeze the gnoll.
The gnoll is lightly wounded.
The gnoll hits you with a halberd of freezing!
* * * LOW HITPOINT WARNING * * *
The gnoll freezes you.
* * * LOW HITPOINT WARNING * * *
Casting: Freeze
Confirm with . or Enter, or press ? or * to list all spells.
Aiming: Freeze
Press: ? - help, Shift-Dir - straight line, f/p - gnoll
Aim: a gnoll, wielding a halberd of freezing (lightly wounded)
You freeze the gnoll.
The gnoll is severely wounded.
The gnoll hits you with a halberd of freezing!
You die...

##.. ##### #...
#.g.### ....r
####.#@..# .....
##..?.#.#.# .>....
#..#..###.##
......###g...##.≈♣.#
.......#...###....≈≈
..g.g......#.#.#....≈
.......##...._≈(._≈≈
#......#..#.#..♣#..#
.##.....#..#.##$.#. ≈


You could see a gnoll.

Vanquished Creatures
  2 gnolls (D:2)
  2 adders (D:2)
  A dart slug (D:1)
  3 bats
  2 giant cockroaches (D:1)
  4 goblins (D:1)
  3 hobgoblins
  3 jackals (D:2)
  2 kobolds (D:1)
  3 frilled lizards
  3 rats (D:2)
28 creatures vanquished.

Notes
Turn   | Place    | Note
-------+----------+-------------------------------------------
     0 | D:1      | Bekkur the Demonspawn Ice Elementalist began the quest for the Orb.
     0 | D:1      | Reached XP level 1. HP: 13/13 MP: 3/3
   147 | D:1      | Reached skill level 3 in Ice Magic
   271 | D:1      | Gained mutation: You regenerate a little health from kills. [demonic ancestry]
   271 | D:1      | Reached XP level 2. HP: 15/19 MP: 5/5
  1056 | D:2      | Reached XP level 3. HP: 24/24 MP: 0/6
  1136 | D:2      | Reached skill level 4 in Ice Magic
  1139 | D:2      | HP: 1/24 [gnoll (6)]
  1243 | D:2      | Reached XP level 4. HP: 13/30 MP: 0/7
  1308 | D:2      | Found a shimmering altar of Xom.
  1308 | D:2      | Found a shimmering altar of Xom.
  1309 | D:2      | Found a shimmering altar of Xom.
  1330 | D:2      | Slain by a gnoll

Vault maps used:
D:1:      kilobyte_arrival_exit_the_forest, hangedman_abyss_or_decor_lesser_grid
D:2:      xom_redecorated

Skill      XL: |  1  2  3 |
---------------+----------+-----
Ice Magic      | 3 4 |  4.4
Dodging        | |  1.7
Stealth        | |  1.7
Spellcasting   | |  2.0
Conjurations   | |  1.0

Action                   |  1- 3 |  4- 6 || total
-------------------------+-------+-------++-------
Melee: Spear             |    55 |     6 ||    61
 Cast: Freeze            |    27 |     3 ||    30
  Use: Potion            |     3 |       ||     3
 Stab: Sleeping          |     4 |       ||     4
       Distracted        |     1 |       ||     1
  Eat: Chunk             |     2 |       ||     2
Armor: Robe              |    12 |     1 ||    13
Dodge: Dodged            |    52 |     3 ||    55
